Ice Dragons vs Staline
Created - 13 janvier 2015 at 20:38
Goals
|
| Ice Dragons |
1 |
2 |
0 |
3 |
| Staline |
1 |
2 |
2 |
5 |
|
Shots
|
| Ice Dragons |
8 |
10 |
11 |
29 |
| Staline |
11 |
11 |
10 |
32 |
|
1st period
1. Staline , Devin Setoguchi 31 (Andrei Loktionov, Mason Raymond) at 6:11
2. Ice Dragons , Nigel Dawes 11 (Kevin Klein, Anders Nilsson) at 16:25 (PP)
Penalties :
Nigel Dawes (Kin) for Holding (Minor) at 6:55, Shean Donovan (Kin) for Charging (Minor) at 11:32, Mathieu Perreault (StJ) for Roughing (Minor) at 15:53, Kevin Klein (Kin) for Tripping (Minor) at 19:47
2nd period
3. Staline , J.T. Wyman 5 (Torey Krug, James Sheppard) at 6:02
4. Staline , Andrei Loktionov 33 (Devin Setoguchi, Mason Raymond) at 6:08
5. Ice Dragons , Cal Clutterbuck 21 (Matt Walker, Troy Brouwer) at 8:01
6. Ice Dragons , Troy Brouwer 12 (Martin Hanzal, Danny Syvret) at 14:51
Penalties :
Torey Krug (StJ) for Cross-checking (Minor) at 8:23, Jonathan Blum (Kin) for Hooking (Minor) at 10:34
3rd period
7. Staline , Mason Raymond 21 (Andrei Loktionov, Tyler Cuma) at 1:44 (PP)
8. Staline , Yan Stastny 15 (Stu Bickel, Pierre-Luc Létourneau) at 19:43 (Empty Net)
Penalties :
Kevin Klein (Kin) for High sticking (Minor) at 0:27, Danny Syvret (Kin) for Hooking (Minor) at 4:19, Mason Raymond (StJ) for Hooking (Minor) at 11:21, J.T. Wyman (StJ) for Interference (Minor) at 15:33
Goalie Stats
Anders Nilsson (Kin), 27 saves from 31 shots - (0,871), L, 6-5-2, 59:38 minutes
Tobias Stephan (StJ), 26 saves from 29 shots - (0,897), W, 28-8-3, 60:00 minutes
Players Stats for Ice Dragons
Player Name G A P +/- PIM S H SB GA TA FO MP PP MP PK MP
------------------------------------------------------------------------------------
Alexander Radulov 0 0 0 -3 0 3 1 0 1 0 7/11 23:28 3:29 6:36
Boris Valabik 0 0 0 -2 0 3 2 2 1 1 0/0 27:36 4:09 7:08
Brad Staubitz 0 0 0 0 0 0 2 2 0 0 0/1 7:06 0:00 0:00
Brayden McNabb 0 0 0 0 0 0 1 0 0 0 0/0 5:49 0:00 0:08
Cal Clutterbuck 1 0 1 2 0 1 1 0 0 0 0/0 12:25 0:00 1:31
Danny Syvret 0 1 1 0 2 2 0 0 0 1 0/0 17:25 2:20 3:13
Jeff Tambellini 0 0 0 -3 0 2 2 2 0 0 2/3 23:53 3:29 7:01
Jonathan Blum 0 0 0 0 2 0 0 0 0 1 0/0 11:38 0:00 2:51
Kevin Klein 0 1 1 -2 4 3 0 1 1 1 0/0 25:36 4:09 5:00
Kris Beech 0 0 0 -1 0 0 3 1 2 0 3/11 14:04 3:00 0:21
Marc-Antoine Pouliot 0 0 0 0 0 0 0 0 1 0 1/1 7:06 0:00 0:00
Martin Hanzal 0 1 1 2 0 2 1 1 0 0 1/4 10:19 0:00 0:00
Mats Zuccarello 0 0 0 0 0 1 2 0 0 0 0/0 7:06 0:00 0:00
Matt Walker 0 1 1 0 0 2 0 1 0 0 0/0 18:36 2:20 4:04
Nigel Dawes 1 0 1 -1 2 3 0 0 0 1 0/2 17:04 3:00 3:09
Patrick O'Sullivan 0 0 0 -3 0 3 2 0 0 1 15/23 20:56 3:29 3:25
Samuel Groulx 0 0 0 0 0 0 0 0 0 0 0/0 5:01 0:00 0:00
Shean Donovan 0 0 0 -1 2 0 2 0 2 0 0/0 13:45 3:00 0:00
Troy Brouwer 1 1 2 2 0 4 3 0 0 0 0/0 11:02 0:00 0:21
Tyler Eckford 0 0 0 0 0 0 0 0 0 0 0/0 8:47 0:00 0:00
Players Stats for Staline
Player Name G A P +/- PIM S H SB GA TA FO MP PP MP PK MP
------------------------------------------------------------------------------------
Andrei Loktionov 1 2 3 2 0 3 0 0 1 0 12/32 19:36 6:48 0:00
Cam Janssen 0 0 0 -1 0 3 2 0 2 1 0/0 16:33 4:15 1:40
Devin Setoguchi 1 1 2 3 0 4 3 0 1 0 0/1 20:34 6:48 0:00
Greg Pateryn 0 0 0 1 0 0 0 0 0 0 0/0 11:25 0:00 0:00
J.T. Wyman 1 0 1 0 2 2 0 0 1 0 0/0 9:07 0:09 0:00
James Sheppard 0 1 1 0 0 0 0 1 0 0 0/1 8:15 0:00 0:14
Jared Boll 0 0 0 0 0 1 1 0 0 0 0/0 9:35 0:09 0:00
Mason Raymond 1 2 3 2 2 2 2 1 0 0 1/2 20:48 6:48 0:45
Mathieu Perreault 0 0 0 0 2 1 1 0 0 0 3/3 10:25 0:00 1:40
Nick Spaling 0 0 0 0 0 2 2 0 0 0 1/1 14:29 4:15 1:13
Pierre-Luc Létourneau 0 1 1 0 0 1 2 0 0 1 1/3 15:05 0:00 3:34
Stu Bickel 0 1 1 0 0 3 3 0 0 0 0/0 22:34 4:15 3:43
T.J. Fast 0 0 0 1 0 1 0 0 0 3 0/0 25:47 4:15 3:43
Theo Peckham 0 0 0 0 0 1 0 1 0 0 0/0 15:20 0:00 2:46
Torey Krug 0 1 1 1 2 2 1 0 0 1 0/0 19:01 6:57 0:00
Tyler Cuma 0 1 1 1 0 0 1 0 0 2 0/0 26:01 6:57 2:46
Yan Stastny 1 0 1 0 0 6 0 0 1 0 8/10 19:27 4:15 3:35
Zac Rinaldo 0 0 0 0 0 0 0 0 0 0 1/3 9:25 0:09 0:17
3 Stars
1 - Devin Setoguchi (StJ)
2 - Andrei Loktionov (StJ)
3 - Mason Raymond (StJ)
Power Play
Ice Dragons - 1 on 4 Attempt(s) - 25,00%
Staline - 1 on 6 Attempt(s) - 16,67%
Penalty Kill
Ice Dragons - 5 on 6 Attempt(s) - 83,33%
- Score 0 goal in Penalty Kill
Staline - 3 on 4 Attempt(s) - 75,00%
- Score 0 goal in Penalty Kill
Official
Referees : Walsh Ian and Joannette Marc
Linesman : Brad Kovachik and Mark Shewchyk
Game Notes
Yan Stastny has scored in a empty net!
Finance
Level 1 -- Attendance: 1580 (79,00%) -- Ticket Income 55 300 $
Level 2 -- Attendance: 682 (68,20%) -- Ticket Income 10 230 $
Total Attendance: 2262 (75,40%)
Total Ticket Income: 65 530 $
Other Income: 3 276 $
Total Income: 68 806 $
Ice Dragons
5 vs 5 Forward
Center Left Wing Right Wing Time % Phy DF OF
1 Patrick O'Sullivan Jeff Tambellini Alexander Radulov 40 1 2 2
2 Kris Beech Nigel Dawes Shean Donovan 30 1 2 2
3 Martin Hanzal Troy Brouwer Cal Clutterbuck 20 1 2 2
4 Marc-Antoine Pouliot Mats Zuccarello Brad Staubitz 10 1 2 2
5 vs 5 Defense
Defense Defense Time % Phy DF OF
1 Boris Valabik Kevin Klein 40 1 2 2
2 Matt Walker Danny Syvret 30 1 2 2
3 Tyler Eckford Jonathan Blum 20 1 2 2
4 Brayden McNabb Samuel Groulx 10 1 2 2
PowerPlay Forward
Center Left Wing Right Wing Time % Phy DF OF
1 Patrick O'Sullivan Jeff Tambellini Alexander Radulov 60 1 2 2
2 Kris Beech Nigel Dawes Shean Donovan 40 1 2 2
PowerPlay Defense
Defense Defense Time % Phy DF OF
1 Boris Valabik Kevin Klein 60 1 2 2
2 Matt Walker Danny Syvret 40 1 2 2
Penalty Kill 4 Players Forward
Center Wing Time % Phy DF OF
1 Alexander Radulov Jeff Tambellini 60 1 2 2
2 Nigel Dawes Patrick O'Sullivan 40 1 2 2
Penalty Kill 4 Players Defense
Defense Defense Time % Phy DF OF
1 Boris Valabik Kevin Klein 60 1 2 2
2 Matt Walker Danny Syvret 40 1 2 2
Penalty Kill - 3 Players Forward
Forward Time % Phy DF OF
1 Alexander Radulov 60 1 2 2
2 Jeff Tambellini 40 1 2 2
Penalty Kill - 3 Players Defense
Defense Defense Time % Phy DF OF
1 Boris Valabik Kevin Klein 60 1 2 2
2 Matt Walker Danny Syvret 40 1 2 2
4 vs 4 Forward
Center Wing Time % Phy DF OF
1 Alexander Radulov Jeff Tambellini 60 1 2 2
2 Nigel Dawes Patrick O'Sullivan 40 1 2 2
4 vs 4 Defense
Defense Defense Time % Phy DF OF
1 Boris Valabik Kevin Klein 60 1 2 2
2 Matt Walker Danny Syvret 40 1 2 2
Last Minutes Offensive
Center Left Wing Right Wing Defense Defense
Patrick O'Sullivan Jeff Tambellini Alexander Radulov Boris Valabik Kevin Klein
Last Minutes Defensive
Center Left Wing Right Wing Defense Defense
Patrick O'Sullivan Jeff Tambellini Alexander Radulov Boris Valabik Kevin Klein
Goaltenders
Starting : Anders Nilsson
Backup : Justin Pogge
Extra Forwards
Normal : Troy Brouwer, Martin Hanzal, Cal Clutterbuck - PP : Troy Brouwer, Martin Hanzal - PK : Cal Clutterbuck
Extra Defensemen
Normal : Tyler Eckford, Jonathan Blum, Brayden McNabb - PP : Tyler Eckford - PK : Jonathan Blum, Brayden McNabb
Penalty Shots
Alexander Radulov, Jeff Tambellini, Nigel Dawes, Patrick O'Sullivan, Troy Brouwer
Staline
5 vs 5 Forward
Center Left Wing Right Wing Time % Phy DF OF
1 Andrei Loktionov Mason Raymond Devin Setoguchi 40 1 2 2
2 Yan Stastny Pierre-Luc Létourneau Cam Janssen 30 1 2 2
3 Mathieu Perreault Nick Spaling Jared Boll 20 1 2 2
4 Zac Rinaldo James Sheppard J.T. Wyman 10 1 2 2
5 vs 5 Defense
Defense Defense Time % Phy DF OF
1 T.J. Fast Tyler Cuma 40 1 2 2
2 Theo Peckham Stu Bickel 30 1 2 2
3 Torey Krug Greg Pateryn 20 1 2 2
4 T.J. Fast Stu Bickel 10 1 2 2
PowerPlay Forward
Center Left Wing Right Wing Time % Phy DF OF
1 Andrei Loktionov Mason Raymond Devin Setoguchi 60 1 2 2
2 Yan Stastny Nick Spaling Cam Janssen 40 1 2 2
PowerPlay Defense
Defense Defense Time % Phy DF OF
1 Tyler Cuma Torey Krug 60 1 2 2
2 T.J. Fast Stu Bickel 40 1 2 2
Penalty Kill 4 Players Forward
Center Wing Time % Phy DF OF
1 Yan Stastny Pierre-Luc Létourneau 60 1 2 2
2 Mathieu Perreault Cam Janssen 40 1 2 2
Penalty Kill 4 Players Defense
Defense Defense Time % Phy DF OF
1 T.J. Fast Stu Bickel 60 1 2 2
2 Theo Peckham Tyler Cuma 40 1 2 2
Penalty Kill - 3 Players Forward
Forward Time % Phy DF OF
1 Yan Stastny 60 1 2 2
2 Mathieu Perreault 40 1 2 2
Penalty Kill - 3 Players Defense
Defense Defense Time % Phy DF OF
1 T.J. Fast Stu Bickel 60 1 2 2
2 Theo Peckham Tyler Cuma 40 1 2 2
4 vs 4 Forward
Center Wing Time % Phy DF OF
1 Andrei Loktionov Devin Setoguchi 60 1 2 2
2 Yan Stastny Cam Janssen 40 1 2 2
4 vs 4 Defense
Defense Defense Time % Phy DF OF
1 T.J. Fast Tyler Cuma 60 1 2 2
2 Theo Peckham Torey Krug 40 1 2 2
Last Minutes Offensive
Center Left Wing Right Wing Defense Defense
Andrei Loktionov Mason Raymond Devin Setoguchi T.J. Fast Tyler Cuma
Last Minutes Defensive
Center Left Wing Right Wing Defense Defense
Yan Stastny Pierre-Luc Létourneau Devin Setoguchi T.J. Fast Stu Bickel
Goaltenders
Starting : Tobias Stephan
Backup : Joni Ortio
Extra Forwards
Normal : Jared Boll, J.T. Wyman, Nick Spaling - PP : Jared Boll, J.T. Wyman - PK : Nick Spaling
Extra Defensemen
Normal : Torey Krug, Greg Pateryn, Theo Peckham - PP : Torey Krug - PK : Greg Pateryn, Theo Peckham
Penalty Shots
Pierre-Luc Létourneau, Devin Setoguchi, Yan Stastny, Cam Janssen, Mason Raymond
% Time on Ice - Ice Dragons
Lines # - Real PCT - Wanted PCT - Time Play
Normal Forward
1 - 31% - 40% - 12:47
2 - 27% - 30% - 11:16
3 - 25% - 20% - 10:13
4 - 17% - 10% - 7:06
Normal Defense
1 - 39% - 40% - 16:03
2 - 29% - 30% - 12:12
3 - 21% - 20% - 8:47
4 - 10% - 10% - 4:20
PP Forward
1 - 54% - 60% - 3:29
2 - 46% - 40% - 3:00
PP Defense
1 - 64% - 60% - 4:09
2 - 36% - 40% - 2:20
PK Forward
1 - 69% - 60% - 7:47
2 - 31% - 40% - 3:25
PK Defense
1 - 64% - 60% - 7:08
2 - 36% - 40% - 4:04
PK3 Forward
1 - 0% - 60%
2 - 0% - 40%
PK3 Defense
1 - 0% - 60%
2 - 0% - 40%
44 Forward
1 - 0% - 60%
2 - 0% - 40%
44 Defense
1 - 0% - 60%
2 - 0% - 40%
Last Minute Offensive - 0:57
Last Minute Defensive - 0:00
Total
Forward - 60:00
Defense - 60:00
|
% Time on Ice - Staline
Lines # - Real PCT - Wanted PCT - Time Play
Normal Forward
1 - 34% - 40% - 13:56
2 - 26% - 30% - 10:38
3 - 21% - 20% - 8:46
4 - 19% - 10% - 8:01
Normal Defense
1 - 38% - 40% - 15:53
2 - 27% - 30% - 11:18
3 - 27% - 20% - 11:04
4 - 7% - 10% - 3:06
PP Forward
1 - 62% - 60% - 6:57
2 - 38% - 40% - 4:15
PP Defense
1 - 62% - 60% - 6:57
2 - 38% - 40% - 4:15
PK Forward
1 - 74% - 60% - 4:49
2 - 26% - 40% - 1:40
PK Defense
1 - 57% - 60% - 3:43
2 - 43% - 40% - 2:46
PK3 Forward
1 - 0% - 60%
2 - 0% - 40%
PK3 Defense
1 - 0% - 60%
2 - 0% - 40%
44 Forward
1 - 0% - 60%
2 - 0% - 40%
44 Defense
1 - 0% - 60%
2 - 0% - 40%
Last Minute Offensive - 0:00
Last Minute Defensive - 0:58
Total
Forward - 60:00
Defense - 60:00
|
Play by Play
1st period
0:01 of 1st period - Patrick O'Sullivan wins face-off versus Andrei Loktionov in neutral zone.
0:08 of 1st period - Boris Valabik is hit by Devin Setoguchi and loses puck.
1:26 of 1st period - Wrist shot by Jeff Tambellini.
1:26 of 1st period - Stopped by Tobias Stephan with a rebound.
1:34 of 1st period - Wrist shot by Andrei Loktionov.
1:34 of 1st period - Stopped by Anders Nilsson without a rebound.
1:35 of 1st period - Kris Beech wins face-off versus Yan Stastny in Ice Dragons zone.
2:27 of 1st period - Off-side.
2:28 of 1st period - Andrei Loktionov wins face-off versus Jeff Tambellini in neutral zone.
2:53 of 1st period - Mathieu Perreault is hit by Shean Donovan and loses puck.
3:29 of 1st period - Tyler Eckford is hit by Tyler Cuma and loses puck.
3:36 of 1st period - Tyler Cuma is hit by Martin Hanzal.
3:51 of 1st period - Icing by Tyler Cuma.
3:52 of 1st period - Mathieu Perreault wins face-off versus Patrick O'Sullivan in Staline zone.
3:52 of 1st period - Mathieu Perreault is hit by Alexander Radulov.
5:12 of 1st period - Snap shot by J.T. Wyman.
5:12 of 1st period - Shot Misses the Net.
5:24 of 1st period - Troy Brouwer is hit by Devin Setoguchi.
5:28 of 1st period - Tyler Cuma is hit by Cal Clutterbuck.
5:32 of 1st period - Snap shot by Troy Brouwer.
5:32 of 1st period - Shot Misses the Net.
5:34 of 1st period - Snap shot by Jonathan Blum.
5:34 of 1st period - Deflect By Martin Hanzal.
5:34 of 1st period - Shot Misses the Net.
5:34 of 1st period - Puck is out of play.
5:35 of 1st period - Yan Stastny wins face-off versus Kris Beech in Staline zone.
6:00 of 1st period - Matt Walker is hit by Stu Bickel and loses puck.
6:09 of 1st period - Snap shot by Andrei Loktionov.
6:09 of 1st period - Stopped by Anders Nilsson with a rebound.
6:11 of 1st period - Snap shot by Devin Setoguchi.
6:11 of 1st period - Goal by Devin Setoguchi - Ice Dragons : 0 - Staline : 1.
6:12 of 1st period - Patrick O'Sullivan wins face-off versus Mason Raymond in neutral zone.
6:23 of 1st period - Snap shot by Jeff Tambellini.
6:23 of 1st period - Stopped by Tobias Stephan with a rebound.
6:39 of 1st period - Yan Stastny is hit by Shean Donovan.
6:55 of 1st period - Minor Penalty to Nigel Dawes for Holding.
6:56 of 1st period - Alexander Radulov wins face-off versus Andrei Loktionov in Ice Dragons zone.
7:31 of 1st period - Snap shot by Yan Stastny.
7:31 of 1st period - Deflect By Nick Spaling.
7:31 of 1st period - Stopped by Anders Nilsson with a rebound.
7:33 of 1st period - Slapshot by Stu Bickel.
7:33 of 1st period - Stopped by Anders Nilsson with a rebound.
8:09 of 1st period - Snap shot by Kris Beech.
8:09 of 1st period - Shot Misses the Net.
8:55 of 1st period - Penalty to Nigel Dawes is over, Nigel Dawes is back on ice.
9:29 of 1st period - Yan Stastny is hit by Troy Brouwer and loses puck.
9:33 of 1st period - Icing by Yan Stastny.
9:34 of 1st period - Yan Stastny wins face-off versus Martin Hanzal in Staline zone.
9:51 of 1st period - Wrist shot by Cal Clutterbuck.
9:51 of 1st period - Deflect By Troy Brouwer.
9:51 of 1st period - Stopped by Tobias Stephan without a rebound.
9:52 of 1st period - Mathieu Perreault wins face-off versus Patrick O'Sullivan in Staline zone.
9:57 of 1st period - Snap shot by Jared Boll.
9:57 of 1st period - Shot Blocked by Jeff Tambellini.
9:59 of 1st period - Snap shot by Jared Boll.
9:59 of 1st period - Shot Misses the Net.
10:26 of 1st period - Snap shot by Mason Raymond.
10:26 of 1st period - Stopped by Anders Nilsson with a rebound.
10:28 of 1st period - Snap shot by Andrei Loktionov.
10:28 of 1st period - Deflect By Mason Raymond.
10:28 of 1st period - Shot Blocked by Kris Beech.
10:28 of 1st period - Puck is out of play.
10:29 of 1st period - Yan Stastny wins face-off versus Kris Beech in Ice Dragons zone.
10:30 of 1st period - Snap shot by Cam Janssen.
10:30 of 1st period - Shot Misses the Net.
10:32 of 1st period - Wrist shot by Cam Janssen.
10:32 of 1st period - Shot Blocked by Matt Walker.
10:34 of 1st period - Wrist shot by Cam Janssen.
10:34 of 1st period - Stopped by Anders Nilsson with a rebound.
10:36 of 1st period - Slapshot by Cam Janssen.
10:36 of 1st period - Stopped by Anders Nilsson with a rebound.
10:38 of 1st period - Slapshot by Torey Krug.
10:38 of 1st period - Stopped by Anders Nilsson with a rebound.
10:59 of 1st period - Off-side.
11:00 of 1st period - Patrick O'Sullivan wins face-off versus Andrei Loktionov in neutral zone.
11:30 of 1st period - Snap shot by Yan Stastny.
11:30 of 1st period - Shot Misses the Net.
11:32 of 1st period - Minor Penalty to Shean Donovan for Charging.
11:33 of 1st period - Alexander Radulov wins face-off versus Andrei Loktionov in Ice Dragons zone.
12:02 of 1st period - Snap shot by Yan Stastny.
12:02 of 1st period - Stopped by Anders Nilsson without a rebound.
12:03 of 1st period - Andrei Loktionov wins face-off versus Nigel Dawes in Ice Dragons zone.
12:28 of 1st period - Jeff Tambellini is hit by Cam Janssen and loses puck.
12:38 of 1st period - Off-side.
12:39 of 1st period - Andrei Loktionov wins face-off versus Nigel Dawes in neutral zone.
13:32 of 1st period - Penalty to Shean Donovan is over, Shean Donovan is back on ice.
13:44 of 1st period - J.T. Wyman is hit by Patrick O'Sullivan and loses puck.
14:11 of 1st period - Jonathan Blum is hit by Stu Bickel and loses puck.
14:30 of 1st period - Cam Janssen is hit by Brad Staubitz and loses puck.
14:49 of 1st period - Snap shot by Andrei Loktionov.
14:49 of 1st period - Shot Blocked by Jeff Tambellini.
14:51 of 1st period - Slapshot by Stu Bickel.
14:51 of 1st period - Stopped by Anders Nilsson without a rebound.
14:52 of 1st period - Patrick O'Sullivan wins face-off versus Andrei Loktionov in Ice Dragons zone.
15:21 of 1st period - Slapshot by Danny Syvret.
15:21 of 1st period - Stopped by Tobias Stephan with a rebound.
15:53 of 1st period - Minor Penalty to Mathieu Perreault for Roughing.
15:54 of 1st period - Patrick O'Sullivan wins face-off versus Pierre-Luc Létourneau in Staline zone.
16:01 of 1st period - Snap shot by Jeff Tambellini.
16:01 of 1st period - Shot Misses the Net.
16:25 of 1st period - Snap shot by Nigel Dawes.
16:25 of 1st period - Goal by Nigel Dawes - Ice Dragons : 1 - Staline : 1.
16:26 of 1st period - Andrei Loktionov wins face-off versus Patrick O'Sullivan in neutral zone.
16:39 of 1st period - Slapshot by Kevin Klein.
16:39 of 1st period - Deflect By Mason Raymond.
16:39 of 1st period - Stopped by Tobias Stephan without a rebound.
16:40 of 1st period - Patrick O'Sullivan wins face-off versus Devin Setoguchi in Staline zone.
17:44 of 1st period - Stu Bickel is hit by Mats Zuccarello and loses puck.
19:11 of 1st period - Wrist shot by J.T. Wyman.
19:11 of 1st period - Shot Blocked by Martin Hanzal.
19:34 of 1st period - Slapshot by Troy Brouwer.
19:34 of 1st period - Stopped by Tobias Stephan without a rebound.
19:35 of 1st period - Patrick O'Sullivan wins face-off versus Andrei Loktionov in Staline zone.
19:38 of 1st period - Snap shot by Alexander Radulov.
19:38 of 1st period - Stopped by Tobias Stephan with a rebound.
19:47 of 1st period - Minor Penalty to Kevin Klein for Tripping.
19:48 of 1st period - Alexander Radulov wins face-off versus Andrei Loktionov in Ice Dragons zone.
Goals for this period are 1 for Ice Dragons vs 1 for Staline.
Shots for this period are 8 for Ice Dragons vs 11 for Staline.
2nd period
0:01 of 2nd period - Jeff Tambellini wins face-off versus Andrei Loktionov in neutral zone.
0:59 of 2nd period - Icing by T.J. Fast.
1:00 of 2nd period - Alexander Radulov wins face-off versus Andrei Loktionov in Staline zone.
1:09 of 2nd period - Boris Valabik is hit by Stu Bickel and loses puck.
1:47 of 2nd period - Penalty to Kevin Klein is over, Kevin Klein is back on ice.
1:56 of 2nd period - Icing by Danny Syvret.
1:57 of 2nd period - Alexander Radulov wins face-off versus Zac Rinaldo in Ice Dragons zone.
2:03 of 2nd period - Off-side.
2:04 of 2nd period - Andrei Loktionov wins face-off versus Kris Beech in neutral zone.
2:29 of 2nd period - Boris Valabik is hit by Pierre-Luc Létourneau and loses puck.
2:57 of 2nd period - Snap shot by Nick Spaling.
2:57 of 2nd period - Stopped by Anders Nilsson with a rebound.
5:18 of 2nd period - Jared Boll is hit by Brayden McNabb and loses puck.
6:02 of 2nd period - Snap shot by J.T. Wyman.
6:02 of 2nd period - Goal by J.T. Wyman - Ice Dragons : 1 - Staline : 2.
6:03 of 2nd period - Andrei Loktionov wins face-off versus Patrick O'Sullivan in neutral zone.
6:08 of 2nd period - Wrist shot by Andrei Loktionov.
6:08 of 2nd period - Goal by Andrei Loktionov - Ice Dragons : 1 - Staline : 3.
6:09 of 2nd period - Andrei Loktionov wins face-off versus Patrick O'Sullivan in neutral zone.
6:17 of 2nd period - Off-side.
6:18 of 2nd period - Patrick O'Sullivan wins face-off versus Andrei Loktionov in neutral zone.
6:30 of 2nd period - Icing by Boris Valabik.
6:31 of 2nd period - Patrick O'Sullivan wins face-off versus Andrei Loktionov in Ice Dragons zone.
6:31 of 2nd period - Patrick O'Sullivan is hit by Devin Setoguchi.
7:18 of 2nd period - Slapshot by T.J. Fast.
7:18 of 2nd period - Stopped by Anders Nilsson with a rebound.
7:28 of 2nd period - Wrist shot by J.T. Wyman.
7:28 of 2nd period - Stopped by Anders Nilsson with a rebound.
7:51 of 2nd period - Slapshot by J.T. Wyman.
7:51 of 2nd period - Shot Misses the Net.
7:57 of 2nd period - Wrist shot by Troy Brouwer.
7:57 of 2nd period - Shot Misses the Net.
7:59 of 2nd period - Slapshot by Matt Walker.
7:59 of 2nd period - Shot Misses the Net.
8:01 of 2nd period - Wrist shot by Cal Clutterbuck.
8:01 of 2nd period - Goal by Cal Clutterbuck - Ice Dragons : 2 - Staline : 3.
8:02 of 2nd period - Andrei Loktionov wins face-off versus Patrick O'Sullivan in neutral zone.
8:05 of 2nd period - Snap shot by Torey Krug.
8:05 of 2nd period - Shot Blocked by Boris Valabik.
8:15 of 2nd period - Snap shot by Alexander Radulov.
8:15 of 2nd period - Shot Misses the Net.
8:17 of 2nd period - Slapshot by Boris Valabik.
8:17 of 2nd period - Stopped by Tobias Stephan with a rebound.
8:23 of 2nd period - Minor Penalty to Torey Krug for Cross-checking.
8:24 of 2nd period - Yan Stastny wins face-off versus Patrick O'Sullivan in Staline zone.
8:57 of 2nd period - Snap shot by Shean Donovan.
8:57 of 2nd period - Shot Hit the Post.
9:37 of 2nd period - T.J. Fast is hit by Jeff Tambellini and loses puck.
10:13 of 2nd period - Shean Donovan is hit by Nick Spaling and loses puck.
10:23 of 2nd period - Penalty to Torey Krug is over, Torey Krug is back on ice.
10:31 of 2nd period - Slapshot by Torey Krug.
10:31 of 2nd period - Stopped by Anders Nilsson without a rebound.
10:32 of 2nd period - Martin Hanzal wins face-off versus Zac Rinaldo in Ice Dragons zone.
10:34 of 2nd period - Minor Penalty to Jonathan Blum for Hooking.
10:35 of 2nd period - Andrei Loktionov wins face-off versus Alexander Radulov in Ice Dragons zone.
11:09 of 2nd period - Wrist shot by Cam Janssen.
11:09 of 2nd period - Deflect By Yan Stastny.
11:09 of 2nd period - Stopped by Anders Nilsson with a rebound.
11:11 of 2nd period - Snap shot by Yan Stastny.
11:11 of 2nd period - Stopped by Anders Nilsson with a rebound.
12:34 of 2nd period - Penalty to Jonathan Blum is over, Jonathan Blum is back on ice.
13:06 of 2nd period - Torey Krug is hit by Mats Zuccarello and loses puck.
14:10 of 2nd period - Slapshot by Kevin Klein.
14:10 of 2nd period - Shot Blocked by Theo Peckham.
14:40 of 2nd period - Pierre-Luc Létourneau is hit by Troy Brouwer and loses puck.
14:51 of 2nd period - Wrist shot by Troy Brouwer.
14:51 of 2nd period - Goal by Troy Brouwer - Ice Dragons : 3 - Staline : 3.
14:52 of 2nd period - Patrick O'Sullivan wins face-off versus Andrei Loktionov in neutral zone.
14:55 of 2nd period - Devin Setoguchi is hit by Patrick O'Sullivan and loses puck.
15:24 of 2nd period - Wrist shot by Matt Walker.
15:24 of 2nd period - Stopped by Tobias Stephan with a rebound.
15:26 of 2nd period - Slapshot by Danny Syvret.
15:26 of 2nd period - Shot Misses the Net.
15:28 of 2nd period - Snap shot by Nigel Dawes.
15:28 of 2nd period - Shot Misses the Net.
15:30 of 2nd period - Slapshot by Matt Walker.
15:30 of 2nd period - Stopped by Tobias Stephan with a rebound.
16:05 of 2nd period - J.T. Wyman is hit by Jeff Tambellini and loses puck.
16:16 of 2nd period - Wrist shot by Devin Setoguchi.
16:16 of 2nd period - Stopped by Anders Nilsson without a rebound.
16:17 of 2nd period - Andrei Loktionov wins face-off versus Brad Staubitz in Ice Dragons zone.
16:18 of 2nd period - Slapshot by Devin Setoguchi.
16:18 of 2nd period - Stopped by Anders Nilsson without a rebound.
16:19 of 2nd period - Marc-Antoine Pouliot wins face-off versus Andrei Loktionov in Ice Dragons zone.
16:19 of 2nd period - Marc-Antoine Pouliot is hit by Mason Raymond.
16:37 of 2nd period - Wrist shot by Mats Zuccarello.
16:37 of 2nd period - Stopped by Tobias Stephan with a rebound.
16:52 of 2nd period - Snap shot by Andrei Loktionov.
16:52 of 2nd period - Shot Blocked by Brad Staubitz.
16:58 of 2nd period - Slapshot by Kevin Klein.
16:58 of 2nd period - Deflect By Torey Krug.
16:58 of 2nd period - Stopped by Tobias Stephan with a rebound.
17:00 of 2nd period - Backhand shot by Boris Valabik.
17:00 of 2nd period - Stopped by Tobias Stephan with a rebound.
17:02 of 2nd period - Slapshot by Kevin Klein.
17:02 of 2nd period - Stopped by Tobias Stephan with a rebound.
17:04 of 2nd period - Slapshot by Boris Valabik.
17:04 of 2nd period - Deflect By Torey Krug.
17:04 of 2nd period - Stopped by Tobias Stephan without a rebound.
17:05 of 2nd period - Yan Stastny wins face-off versus Patrick O'Sullivan in Staline zone.
17:30 of 2nd period - Tyler Cuma is hit by Kris Beech and loses puck.
17:59 of 2nd period - James Sheppard is hit by Boris Valabik.
19:01 of 2nd period - Wrist shot by James Sheppard.
19:01 of 2nd period - Shot Misses the Net.
19:49 of 2nd period - Snap shot by Yan Stastny.
19:49 of 2nd period - Stopped by Anders Nilsson with a rebound.
Goals for this period are 2 for Ice Dragons vs 2 for Staline.
Shots for this period are 10 for Ice Dragons vs 11 for Staline.
3rd period
0:01 of 3rd period - Patrick O'Sullivan wins face-off versus Andrei Loktionov in neutral zone.
0:10 of 3rd period - Slapshot by Alexander Radulov.
0:10 of 3rd period - Shot Blocked by Mason Raymond.
0:14 of 3rd period - Slapshot by Alexander Radulov.
0:14 of 3rd period - Stopped by Tobias Stephan without a rebound.
0:15 of 3rd period - Yan Stastny wins face-off versus Kris Beech in Staline zone.
0:27 of 3rd period - Minor Penalty to Kevin Klein for High sticking.
0:28 of 3rd period - Alexander Radulov wins face-off versus Andrei Loktionov in Ice Dragons zone.
0:37 of 3rd period - Off-side.
0:38 of 3rd period - Andrei Loktionov wins face-off versus Alexander Radulov in neutral zone.
1:37 of 3rd period - Alexander Radulov is hit by Mason Raymond and loses puck.
1:44 of 3rd period - Wrist shot by Mason Raymond.
1:44 of 3rd period - Goal by Mason Raymond - Ice Dragons : 3 - Staline : 4.
1:45 of 3rd period - Yan Stastny wins face-off versus Kris Beech in neutral zone.
1:48 of 3rd period - Wrist shot by Yan Stastny.
1:48 of 3rd period - Shot Blocked by Boris Valabik.
1:50 of 3rd period - Snap shot by Yan Stastny.
1:50 of 3rd period - Stopped by Anders Nilsson with a rebound.
1:56 of 3rd period - Snap shot by Pierre-Luc Létourneau.
1:56 of 3rd period - Shot Misses the Net.
1:58 of 3rd period - Wrist shot by Cam Janssen.
1:58 of 3rd period - Stopped by Anders Nilsson with a rebound.
2:00 of 3rd period - Backhand shot by Theo Peckham.
2:00 of 3rd period - Shot Misses the Net.
2:10 of 3rd period - Boris Valabik is hit by Jared Boll and loses puck.
2:19 of 3rd period - Tyler Cuma is hit by Troy Brouwer and loses puck.
2:36 of 3rd period - Patrick O'Sullivan is hit by Mathieu Perreault and loses puck.
3:00 of 3rd period - Slapshot by Jared Boll.
3:00 of 3rd period - Stopped by Anders Nilsson with a rebound.
3:02 of 3rd period - Snap shot by Mathieu Perreault.
3:02 of 3rd period - Stopped by Anders Nilsson with a rebound.
3:04 of 3rd period - Slapshot by Stu Bickel.
3:04 of 3rd period - Stopped by Anders Nilsson without a rebound.
3:05 of 3rd period - Kris Beech wins face-off versus Andrei Loktionov in Ice Dragons zone.
3:09 of 3rd period - Off-side.
3:10 of 3rd period - Andrei Loktionov wins face-off versus Kris Beech in neutral zone.
3:54 of 3rd period - Off-side.
3:55 of 3rd period - Patrick O'Sullivan wins face-off versus James Sheppard in neutral zone.
4:19 of 3rd period - Minor Penalty to Danny Syvret for Hooking.
4:20 of 3rd period - Mason Raymond wins face-off versus Alexander Radulov in Ice Dragons zone.
4:23 of 3rd period - Snap shot by Devin Setoguchi.
4:23 of 3rd period - Stopped by Anders Nilsson without a rebound.
4:24 of 3rd period - Alexander Radulov wins face-off versus Andrei Loktionov in Ice Dragons zone.
5:07 of 3rd period - Nigel Dawes is hit by Torey Krug and loses puck.
6:19 of 3rd period - Penalty to Danny Syvret is over, Danny Syvret is back on ice.
6:25 of 3rd period - Snap shot by Danny Syvret.
6:25 of 3rd period - Stopped by Tobias Stephan with a rebound.
7:26 of 3rd period - Stu Bickel is hit by Brad Staubitz and loses puck.
7:39 of 3rd period - Snap shot by Nigel Dawes.
7:39 of 3rd period - Stopped by Tobias Stephan with a rebound.
8:01 of 3rd period - Wrist shot by Martin Hanzal.
8:01 of 3rd period - Stopped by Tobias Stephan without a rebound.
8:02 of 3rd period - Zac Rinaldo wins face-off versus Martin Hanzal in Staline zone.
8:13 of 3rd period - Slapshot by Martin Hanzal.
8:13 of 3rd period - Shot Misses the Net.
8:48 of 3rd period - Icing by Torey Krug.
8:49 of 3rd period - Kris Beech wins face-off versus Andrei Loktionov in Staline zone.
8:56 of 3rd period - Snap shot by Nigel Dawes.
8:56 of 3rd period - Stopped by Tobias Stephan without a rebound.
8:57 of 3rd period - Patrick O'Sullivan wins face-off versus Andrei Loktionov in Staline zone.
9:09 of 3rd period - Tyler Cuma is hit by Boris Valabik and loses puck.
9:12 of 3rd period - Slapshot by Tyler Cuma.
9:12 of 3rd period - Shot Blocked by Kevin Klein.
9:22 of 3rd period - Cam Janssen is hit by Kris Beech and loses puck.
10:31 of 3rd period - Snap shot by Patrick O'Sullivan.
10:31 of 3rd period - Shot Blocked by James Sheppard.
10:51 of 3rd period - Backhand shot by Pierre-Luc Létourneau.
10:51 of 3rd period - Stopped by Anders Nilsson with a rebound.
11:13 of 3rd period - Wrist shot by Martin Hanzal.
11:13 of 3rd period - Stopped by Tobias Stephan with a rebound.
11:15 of 3rd period - Snap shot by Troy Brouwer.
11:15 of 3rd period - Stopped by Tobias Stephan without a rebound.
11:16 of 3rd period - Jeff Tambellini wins face-off versus Andrei Loktionov in Staline zone.
11:19 of 3rd period - Snap shot by Patrick O'Sullivan.
11:19 of 3rd period - Stopped by Tobias Stephan with a rebound.
11:21 of 3rd period - Minor Penalty to Mason Raymond for Hooking.
11:22 of 3rd period - Patrick O'Sullivan wins face-off versus Pierre-Luc Létourneau in Staline zone.
12:08 of 3rd period - Slapshot by Kevin Klein.
12:08 of 3rd period - Shot Misses the Net.
12:56 of 3rd period - Off-side.
12:57 of 3rd period - Mathieu Perreault wins face-off versus Kris Beech in neutral zone.
13:21 of 3rd period - Penalty to Mason Raymond is over, Mason Raymond is back on ice.
13:21 of 3rd period - Icing by Tyler Cuma.
13:22 of 3rd period - Yan Stastny wins face-off versus Kris Beech in Staline zone.
14:09 of 3rd period - Slapshot by Theo Peckham.
14:09 of 3rd period - Shot Blocked by Brad Staubitz.
14:11 of 3rd period - Wrist shot by Theo Peckham.
14:11 of 3rd period - Deflect By Jonathan Blum.
14:11 of 3rd period - Stopped by Anders Nilsson with a rebound.
15:27 of 3rd period - Wrist shot by Troy Brouwer.
15:27 of 3rd period - Shot Misses the Net.
15:29 of 3rd period - Slapshot by Patrick O'Sullivan.
15:29 of 3rd period - Shot Misses the Net.
15:31 of 3rd period - Slapshot by Boris Valabik.
15:31 of 3rd period - Deflect By Alexander Radulov.
15:31 of 3rd period - Stopped by Tobias Stephan with a rebound.
15:33 of 3rd period - Minor Penalty to J.T. Wyman for Interference.
15:34 of 3rd period - Patrick O'Sullivan wins face-off versus Yan Stastny in Staline zone.
16:38 of 3rd period - Nigel Dawes is hit by Cam Janssen and loses puck.
17:33 of 3rd period - Penalty to J.T. Wyman is over, J.T. Wyman is back on ice.
18:20 of 3rd period - Greg Pateryn is hit by Kris Beech and loses puck.
18:27 of 3rd period - Brayden McNabb is hit by Nick Spaling and loses puck.
18:56 of 3rd period - Wrist shot by Alexander Radulov.
18:56 of 3rd period - Shot Misses the Net.
19:06 of 3rd period - Alexander Radulov is hit by Pierre-Luc Létourneau and loses puck.
19:21 of 3rd period - Ice Dragons, Anders Nilsson is pulled from the net.
19:25 of 3rd period - Wrist shot by Patrick O'Sullivan.
19:25 of 3rd period - Stopped by Tobias Stephan with a rebound.
19:27 of 3rd period - Snap shot by Patrick O'Sullivan.
19:27 of 3rd period - Stopped by Tobias Stephan without a rebound.
19:28 of 3rd period - Darryl Sutter call a timeout for Ice Dragons.
19:28 of 3rd period - Pierre-Luc Létourneau wins face-off versus Alexander Radulov in Staline zone.
19:43 of 3rd period - Wrist shot by Yan Stastny.
19:43 of 3rd period - Goal by Yan Stastny - Ice Dragons : 3 - Staline : 5.
19:43 of 3rd period - Anders Nilsson from Ice Dragons was sent back in the game.
19:44 of 3rd period - Nick Spaling wins face-off versus Martin Hanzal in neutral zone.
Goals for this period are 0 for Ice Dragons vs 2 for Staline.
Shots for this period are 11 for Ice Dragons vs 10 for Staline.
Output by the SimonT Hockey Simulator (STHS) for François Prévost -- Original Page W3C XHTML 1.0 Valid